 Dungeon Crawl Stone Soup version 0.22.1-2-g9c5b331383 (webtiles) character file.

460 Jynx the Sneak (level 6, -1/28 HPs)
             Began as a Spriggan Enchanter on Nov 26, 2018.
             Slain by a worker ant (2 damage)
             ... on level 5 of the Dungeon.
             The game lasted 00:10:20 (6310 turns).

Jynx the Sneak (Spriggan Enchanter)                 Turns: 6310, Time: 00:10:21

Health: -1/28      AC:  3    Str:  4    XL:     6   Next: 78%
Magic:  5/13       EV: 20    Int: 14    God:
Gold:   234        SH:  0    Dex: 21    Spells: 6/12 levels left

rFire    . . .     SeeInvis +   a - +1 dagger
rCold    . . .     Gourm    .   (shield restricted)
rNeg     . . .     Faith    .   b - +0 robe
rPois    .         Spirit   .   (helmet restricted)
rElec    .         Reflect  .   r - +0 cloak
rCorr    .         Harm     .   (gloves unavailable)
MR       +....                  (boots unavailable)
Stlth    ++++......             (no amulet)
HPRegen  0.09/turn              (no ring)
MPRegen  0.13/turn              (no ring)

@: lethally poisoned (-1 -> -7), very quick
A: very small, unfitting armour, see invisible, agile 1, deterioration 1, dopey
1, herbivore, speed 3, high mp 1, slow metabolism 2
a: no special abilities


You were on level 5 of the Dungeon.
You were hungry.

You visited 1 branch of the dungeon, and saw 5 of its levels.

You collected 234 gold pieces.

Inventory:

Hand Weapons
 a - a +1 dagger (weapon)
Armour
 b - a +0 robe (worn)
 r - a +0 cloak (worn)
Wands
 n - a wand of acid (7)
 q - a wand of random effects (26)
Scrolls
 f - a scroll of enchant armour {unknown}
 g - a scroll of immolation {unknown}
 i - 4 scrolls of remove curse
 j - a scroll of enchant weapon {unknown}
 k - a scroll of teleportation
 t - a scroll of magic mapping {unknown}
Potions
 c - a potion of berserk rage
 e - 2 potions of mutation
Comestibles
 d - a ration


   Skills:
 * Level 5.0 Short Blades
 - Level 4.4 Dodging
 + Level 6.5 Stealth
 + Level 3.6 Spellcasting
 * Level 5.1 Hexes


You had 6 spell levels left.
You knew the following spells:

 Your Spells              Type           Power        Failure   Level  Hunger
a - Corona                Hex            ###....      2%          1    None
b - Ensorcelled Hibernat  Hex/Ice        #.....       11%         2    ##.....
c - Confuse               Hex            ###.....     7%          3    ###....

Your spell library contained the following spells:

 Spells                   Type           Power        Failure   Level  Hunger
 Slow                     Hex            ###.....     3%          2    ##.....
 Tukima's Dance           Hex            ###.....     7%          3    ###....
 Magic Dart               Conj           #...         21%         1    None
 Dazzling Spray           Conj/Hex       #.....       21%         3    ###....
 Blink                    Tloc           N/A          30%         2    ##.....
 Call Imp                 Summ           #.......     30%         2    ##.....
 Conjure Flame            Conj/Fire      #.......     52%         3    ###....
 Mephitic Cloud           Conj/Pois/Air  #.......     52%         3    ###....


Dungeon Overview and Level Annotations

Branches:
Dungeon (5/15)
 Temple: D:4-7

Altars:


Innate Abilities, Weirdness & Mutations

You are very small and have problems with some larger weapons.
You are too small for most types of armour.
You have supernaturally acute eyesight. (SInv)
You are a herbivore.
You cover ground extremely quickly.
You need to consume almost no food.
You are agile. (Dex +2)
Your body sometimes deteriorates upon taking damage.
You are dopey. (Int -2)
You have an increased reservoir of magic. (+10% MP)


Message History

Casting: Ensorcelled Hibernation (safe; 9% risk of failure)
Confirm with . or Enter, or press ? or * to list all spells.
Aiming: Ensorcelled Hibernation (safe; 9% risk of failure)
Press: ? - help, Shift-Dir - straight line, f/p - worker ant
Aim: a worker ant (not susceptible)
The worker ant is unaffected.
You feel sick. The worker ant bites you!
* * * LOW HITPOINT WARNING * * *
There is a lethal amount of poison in your body!
Unknown command.
Unknown command.
You feel extremely strange.
You feel more energetic.
Large bone plates grow over parts of your arms.
The worker ant misses you. The worker ant barely misses you.
You feel extremely strange.
Your large bone plates disappear.
You feel yourself wasting away.
You feel stupid.
You feel agile.
* * * LOW HITPOINT WARNING * * *
You feel sick. The worker ant bites you.
You die...

#....# #....#
.####....#
.........#
#........#####
+............#
#............#
#####........#
#......@.# ..
#......a.####....
......#....$......
.....#.#...........
...#.#.#...........
#.# #.#...........
#...........
#...........
#...########


You could see a worker ant.

Vanquished Creatures
  2 phantoms (D:4)
  A howler monkey (D:4)
  An iguana (D:4)
  3 worker ants
  4 adders
  A shadow imp (D:5)
  3 worms
  4 dart slugs
  4 leopard geckos
  8 orcs (D:3)
  2 giant cockroaches
  7 goblins
  9 hobgoblins
  3 jackals (D:3)
  A quokka (D:3)
  A ball python (D:3)
  5 bats
  2 frilled lizards
  10 kobolds
  A quokka skeleton (D:4)
  9 rats
81 creatures vanquished.

Notes
Turn   | Place    | Note
-------+----------+-------------------------------------------
     0 | D:1      | Jynx the Spriggan Enchanter began the quest for the Orb.
     0 | D:1      | Reached XP level 1. HP: 9/9 MP: 5/5
   249 | D:1      | Reached XP level 2. HP: 8/13 MP: 4/6
  1323 | D:2      | Learned a level 2 spell: Ensorcelled Hibernation
  1405 | D:2      | Reached skill level 5 in Stealth
  1405 | D:2      | Reached XP level 3. HP: 16/16 MP: 8/8
  2797 | D:1      | Learned a level 3 spell: Confuse
  3166 | D:2      | Reached XP level 4. HP: 21/21 MP: 4/9
  4638 | D:3      | Reached XP level 5. HP: 16/24 MP: 10/10
  5073 | D:4      | Reached skill level 6 in Stealth
  5277 | D:4      | Noticed a phantom
  5387 | D:4      | Killed a phantom
  5387 | D:4      | Reached XP level 6. HP: 23/28 MP: 0/12
  5526 | D:4      | Reached skill level 5 in Hexes
  5641 | D:4      | Reached skill level 5 in Short Blades
  5865 | D:5      | Entered Level 5 of the Dungeon
  6309 | D:5      | Gained mutation: You have an increased reservoir of magic.
                  | (+10% MP) [potion of mutation]
  6309 | D:5      | Gained mutation: You are partially covered in large bone
                  | plates. (SH +4) [potion of mutation]
  6310 | D:5      | Lost mutation: You are partially covered in large bone
                  | plates. (SH +4) [potion of mutation]
  6310 | D:5      | Gained mutation: Your body sometimes deteriorates upon
                  | taking damage. [potion of mutation]
  6310 | D:5      | Gained mutation: You are dopey. (Int -2) [potion of
                  | mutation]
  6310 | D:5      | Gained mutation: You are agile. (Dex +2) [potion of
                  | mutation]
  6310 | D:5      | HP: 1/28 [poisoned by a worker ant]
  6310 | D:5      | Slain by a worker ant

Skill      XL: |  1  2  3  4  5  6 |
---------------+-------------------+-----
Short Blades   | 2 3 4 5 |  5.0
Stealth        | 5 6 |  6.5
Dodging        | 4 |  4.4
Hexes          | 4 5 |  5.1
Spellcasting   | 3 |  3.6

Action                   |  1- 3 |  4- 6 || total
-------------------------+-------+-------++-------
Melee: Dagger            |   184 |   284 ||   468
 Cast: Corona            |    22 |    15 ||    37
       Confuse           |     5 |    18 ||    23
       Ensorcelled Hiber |       |     6 ||     6
  Use: Scroll            |     1 |     3 ||     4
       Potion            |     1 |     9 ||    10
 Stab: Sleeping          |     7 |     9 ||    16
       Confused          |     2 |    10 ||    12
       Distracted        |       |     1 ||     1
  Eat: Ration            |       |     3 ||     3
Armor: Robe              |     7 |    15 ||    22
Dodge: Dodged            |   139 |   188 ||   327
